 Dungeon Crawl Stone Soup version 0.22-a0-469-gf26638a (webtiles) character file.

466 EazyBreezy the Grave Robber (level 6, -3/44 HPs)
             Began as a Mummy Necromancer on June 12, 2018.
             Slain by an orc
             ... wielding a +0 hand axe
              (7 damage)
             ... on level 4 of the Dungeon.
             The game lasted 00:08:59 (3547 turns).

EazyBreezy the Grave Robber (Mummy Necromancer)     Turns: 3547, Time: 00:08:59

Health: -3/44      AC:  2    Str: 11    XL:     6   Next: 81%
Magic:  0/14       EV: 14    Int: 17    God:
Gold:   88         SH:  0    Dex: 12    Spells: 8/16 levels left

rFire    x . .     SeeInvis .   c - +2 club
rCold    + + .     Gourm    .   (no shield)
rNeg     + + +     Faith    .   a - +0 robe
rPois    ∞         Spirit   .   (no helmet)
rElec    .         Reflect  .   (no cloak)
rCorr    .         Harm     .   (no gloves)
MR       .....                  (no boots)
Stlth    ++........             j - amulet of regeneration
HPRegen  0.14/turn              h - +2 ring of evasion
MPRegen  0.14/turn              l - ring of protection from cold

@: no status effects
A: no food or potions, fire vulnerability, cold resistance 1, negative energy
resistance 3, torment resistance, unbreathing
a: no special abilities


You were on level 4 of the Dungeon.
You were not hungry.

You visited 1 branch of the dungeon, and saw 4 of its levels.

You collected 88 gold pieces.

Inventory:

Hand Weapons
 c - a +2 club (weapon)
Armour
 a - a +0 robe (worn)
Jewellery
 h - a +2 ring of evasion (left hand)
 j - an amulet of regeneration (around neck)
 l - a ring of protection from cold (right hand)
Wands
 e - a wand of paralysis (20)
 f - a wand of digging (3)
 i - a wand of scattershot (3)
 k - a wand of disintegration (8)
Scrolls
 b - a scroll of teleportation {unknown}
 d - 3 scrolls of remove curse {unknown}
 g - 5 scrolls of identify


   Skills:
 * Level 1.8 Fighting
 + Level 0.1 Maces & Flails
 * Level 1.6 Armour
 * Level 2.3 Dodging
 + Level 1.6 Stealth
 * Level 5.7 Spellcasting
 * Level 5.7 Necromancy


You had 8 spell levels left.
You knew the following spells:

 Your Spells              Type           Power        Failure   Level  Hunger
a - Pain                  Necr           ###.         1%          1    N/A
b - Vampiric Draining     Necr           ###.......   3%          3    N/A
c - Animate Dead          Necr           N/A          12%         4    N/A

Your spell library contained the following spells:

 Spells                   Type           Power        Failure   Level  Hunger
 Confuse                  Hex            #.......     36%         3    N/A
 Animate Skeleton         Necr           N/A          1%          1    N/A
 Regeneration             Chrm/Necr      ##........   12%         3    N/A
 Confusing Touch          Hex            #.....       13%         1    N/A
 Metabolic Englaciation   Hex/Ice        #.........   98%         5    N/A
 Petrify                  Tmut/Erth      #.......     78%         4    N/A
 Gell's Gravitas          Tloc           #.........   36%         3    N/A
 Yara's Violent Unravell  Hex/Tmut       #.........   98%         5    N/A

Dungeon Overview and Level Annotations

Branches:
Dungeon (4/15)
 Temple: D:4-7

Altars:
Cheibriados
Fedhas
Sif Muna
Uskayaw
Vehumet


Innate Abilities, Weirdness & Mutations

You do not eat or drink.
Your flesh is vulnerable to fire.
You are immune to poison.
Your flesh is cold resistant. (rC+)
You are immune to negative energy. (rN+++)
You are immune to unholy pain and torment.
You can survive without breathing.


Message History

The orc is severely wounded.
The orc closely misses you. The orc misses you.
Casting: Pain (safe; 1% risk of failure)
Confirm with . or Enter, or press ? or * to list all spells.
Aiming: Pain (safe; 1% risk of failure)
Press: ? - help, Shift-Dir - straight line, f - orc
Aim: an orc, wielding a morningstar (severely wounded, chance to defeat MR: 93%)
The orc writhes in agony!
You kill the orc!
The orc hits you but does no damage.
Casting: Pain (safe; 1% risk of failure)
Confirm with . or Enter, or press ? or * to list all spells.
Aiming: Pain (safe; 1% risk of failure)
Press: ? - help, Shift-Dir - straight line, f - orc
Aim: an orc, wielding a hand axe (unusually agile, chance to defeat MR: 93%)
The orc writhes in agony!
The orc barely misses you.
You hit the orc.
The orc is almost dead.
The orc hits you with a hand axe!
You die...

).#..#._. #..... ###†#((#...
#..... #..)####......#.....
##..)..........#.....
#..............#.....
#............).#.....
#..............#.....
##########))...........#.....
#..#....##.)@..........#.†)..
#..........o).........##.....
#.......##'########...##.....
#.......##.......##.......^..
#.................'..........
##.###'###........#..........
####...##....†...#..........
#..............#...#######
#....##.......##...##.....


You could see 2 dancing weapons and an orc.

Vanquished Creatures
  An ogre (D:4)
  2 howler monkeys (D:4)
  An orc priest (D:4)
  Natasha (thrice) (D:2 D:3)
  Terence (D:3)
  An orc wizard (D:4)
  Ijyb (D:3)
  A worker ant (D:3)
  2 adders (D:3)
  A worm (D:2)
  2 dart slugs
  2 leopard geckos
  10 orcs
  10 bats
  4 giant cockroaches
  6 goblins
  8 hobgoblins
  2 jackals (D:4)
  8 kobolds
  A ball python (D:2)
  3 frilled lizards (D:1)
  A quokka skeleton (D:4)
  5 rats
76 creatures vanquished.

Notes
Turn   | Place    | Note
-------+----------+-------------------------------------------
     0 | D:1      | EazyBreezy the Mummy Necromancer began the quest for the Orb.
     0 | D:1      | Reached XP level 1. HP: 13/13 MP: 4/4
     6 | D:1      | Noticed a worker ant
     6 | D:1      | Noticed a water moccasin
     6 | D:1      | Noticed a black bear
     7 | D:1      | Noticed a swamp worm
     7 | D:1      | Noticed a komodo dragon
   231 | D:1      | Reached XP level 2. HP: 15/19 MP: 1/5
  1008 | D:1      | Reached XP level 3. HP: 23/24 MP: 3/7
  1304 | D:2      | Found a deep blue altar of Sif Muna.
  1399 | D:2      | Learned a level 3 spell: Vampiric Draining
  1416 | D:2      | Found a snail-covered altar of Cheibriados.
  1967 | D:2      | Noticed Natasha
  1974 | D:2      | Killed Natasha
  1974 | D:2      | Reached XP level 4. HP: 16/30 MP: 3/9
  2276 | D:3      | Found a radiant altar of Vehumet.
  2283 | D:3      | Reached skill level 1 in Armour
  2287 | D:3      | Noticed Natasha
  2291 | D:3      | Killed Natasha
  2291 | D:3      | Reached skill level 5 in Necromancy
  2403 | D:3      | Found a blossoming altar of Fedhas.
  2504 | D:3      | Reached XP level 5. HP: 34/36 MP: 2/11
  2649 | D:3      | Noticed Natasha
  2659 | D:3      | Killed Natasha
  2661 | D:3      | Reached skill level 1 in Fighting
  2979 | D:3      | Noticed Ijyb
  2984 | D:3      | Killed Ijyb
  3019 | D:3      | Noticed Terence
  3028 | D:3      | Killed Terence
  3222 | D:4      | Noticed an ogre
  3239 | D:4      | Killed an ogre
  3239 | D:4      | Reached skill level 5 in Spellcasting
  3239 | D:4      | Reached XP level 6. HP: 6/43 MP: 2/13
  3390 | D:4      | Learned a level 4 spell: Animate Dead
  3468 | D:4      | Noticed a dagger
  3470 | D:4      | Noticed a dagger
  3472 | D:4      | Found a hide-covered altar of Uskayaw.
  3547 | D:4      | Slain by an orc

Vault maps used:
D:1:      onia_arrival_zoo_common, patterned_corridor
D:2:      old_standard_altar, cheibriados_altar_1, uniq_natasha
D:3:      fedhas_altar_3, lemuel_crystal_altar, minmay_misc_feat_pillars,
          fountainhead, minmay_misc_feat_doors, uniq_ijyb, uniq_terence
D:4:      dancing_weapons_uskayaw

Skill      XL: |  1  2  3  4  5 |
---------------+----------------+-----
Spellcasting   | 3 4 5 |  5.7
Armour         | 1 |  1.6
Necromancy     | 5 |  5.7
Dodging        | 2 |  2.3
Fighting       | 1 |  1.8
Maces & Flails | |  0.1
Stealth        | |  1.6

Action                   |  1- 3 |  4- 6 || total
-------------------------+-------+-------++-------
Melee: Club              |    14 |    41 ||    55
 Cast: Pain              |    87 |    75 ||   162
       Vampiric Draining |     1 |    10 ||    11
  Use: Scroll            |     6 |       ||     6
Armor: Robe              |     6 |     5 ||    11
Dodge: Dodged            |    19 |    93 ||   112

Table legend:
 A = Spawn XP
 B = Non-spawn XP
 C = Spawn XP percentage of total XP
 D = Spawn monster count
 E = Non-spawn monster count
 F = Spawn count percentage of total count
 G = Total turns spent on level
                    A         B        C        D         E        F      G
               +---------+---------+-------+---------+---------+-------+---------
         Total |       0 |     667 |   0.0 |       0 |      76 |   0.0 |  3547
               +---------+---------+-------+---------+---------+-------+---------
           D:1 |       0 |      45 |   0.0 |       0 |      26 |   0.0 |  1291
           D:2 |       0 |      66 |   0.0 |       0 |      15 |   0.0 |   985
           D:3 |       0 |     220 |   0.0 |       0 |      19 |   0.0 |   906
           D:4 |       0 |     336 |   0.0 |       0 |      16 |   0.0 |   365
               +---------+---------+-------+---------+---------+-------+---------
